3AAA
LÉVIS ROCKS @ WICHITA OUTRIDERS
09/05/2018
 
TOP OF THE 1ST
Lévis Rocks batting - Pitching for Wichita Outriders : RHP Jim Unknown
Pitching: RHP Jim Unknown
Batting: LHB Edward Carlson 0-0: Ball
1-0: Bunt missed!
1-1: Called Strike
1-2: Foul Ball, location: 2F
1-2: Ball
2-2: SINGLE (Groundball, 4M)
Batting: RHB Raúl Valadez 0-0: Ball
1-0: Called Strike
1-1: SINGLE (Line Drive, 6MD)
Edward Carlson to second
Batting: RHB Dan Holliday 0-0: Ball
1-0: Ball
2-0: Swinging Strike
2-1: Foul Ball, location: 2F
2-2: Foul Ball, location: 2F
2-2: Fly out, F8 (Flyball, 89M)
Runner from 2nd tags up, SAFE at 3rd with throw
Batting: RHB Pedro Mendoza 0-0: Called Strike
0-1: Foul Ball, location: 2F
0-2: Ball
1-2: Strikes out swinging
Batting: RHB Ernie McPherson 0-0: Ball
1-0: Ball
2-0: Swinging Strike
2-1: Ball
3-1: Fly out, F8 (Flyball, 8LM)
Top of the 1st over - 0 run(s), 2 hit(s), 0 error(s), 2 left on base; Lévis 0 - Wichita 0
BOTTOM OF THE 1ST
Wichita Outriders batting - Pitching for Lévis Rocks : LHP Harvey Richards
Pitching: LHP Harvey Richards
Batting: RHB Jorge Vázquez 0-0: Ball
1-0: Ball
2-0: Ground out 6-3 (Groundball, 6M)
Batting: RHB Jim Unknown 0-0: Ball
1-0: Foul Ball, location: 2F
1-1: SINGLE (Line Drive, 7LM)
Batting: LHB Herman Gilliland 0-0: Ball
1-0: Ground out 4-3 (Groundball, 13)
Jim Unknown to second
Batting: RHB Jim Unknown 0-0: Ball
1-0: Ball
2-0: Ball
3-0: Base on Balls
Batting: LHB Jim Unknown 0-0: Foul Ball, location: 2F
0-1: Swinging Strike
0-2: Ball
1-2: Ball
2-2: Foul Ball, location: 2F
2-2: Ball
3-2: SINGLE (Groundball, 4)
Jim Unknown to third
Jim Unknown to second
Jim Unknown scores
Jim Unknown to third
Batting: RHB Christian O'Neal 0-0: Ball
1-0: Foul Ball, location: 2F
1-1: Foul Ball, location: 2F
1-2: Fly out, F8 (Flyball, 8LM)
Bottom of the 1st over - 1 run(s), 2 hit(s), 0 error(s), 2 left on base; Lévis 0 - Wichita 1
TOP OF THE 2ND
Lévis Rocks batting - Pitching for Wichita Outriders : RHP Jim Unknown
Batting: SHB Bartolo Fernández 0-0: Called Strike
0-1: Ground out 1-3 (Groundball, 25)
Batting: RHB Melvin Hunter 0-0: Ball
1-0: Ball
2-0: Foul Ball, location: 2F
2-1: Ball
3-1: Base on Balls
Batting: RHB Nectanebos Dolenian 0-0: Called Strike
0-1: Ball
1-1: Ground out 6-3 (Groundball, 4M)
Melvin Hunter to second
Batting: RHB Jimmy Allen 0-0: Called Strike
0-1: Ball
1-1: Foul Ball, location: 2F
1-2: Strikes out swinging
Top of the 2nd over - 0 run(s), 0 hit(s), 0 error(s), 1 left on base; Lévis 0 - Wichita 1
BOTTOM OF THE 2ND
Wichita Outriders batting - Pitching for Lévis Rocks : LHP Harvey Richards
Batting: RHB Jim Unknown 0-0: Called Strike
0-1: Ground out 5-3 (Groundball, 5S)
Batting: RHB Jorge Rocha 0-0: Called Strike
0-1: Ball
1-1: Ball
2-1: SINGLE (Line Drive, 78S)
Batting: LHB Jim Unknown 0-0: Ball
1-0: Ball
2-0: Ball
3-0: Base on Balls
Jorge Rocha to second
Batting: RHB Jorge Vázquez 0-0: Ball
1-0: Called Strike
1-1: Foul Ball, location: 2F
1-2: Foul Ball, location: 2F
1-2: Ball
2-2: Ball
3-2: Base on Balls
Jorge Rocha to third
Jim Unknown to second
Batting: RHB Jim Unknown 0-0: Foul Ball, location: 2F
0-1: SINGLE (Line Drive, 9S)
Jorge Rocha scores
Jim Unknown to third
Jorge Vázquez to second
Batting: LHB Herman Gilliland 0-0: Foul Ball, location: 2F
0-1: Ball
1-1: Ball
2-1: Foul Ball, location: 2F
2-2: Strikes out swinging
Batting: RHB Jim Unknown 0-0: Fly out, F3 (Popup, 3L)
Bottom of the 2nd over - 1 run(s), 2 hit(s), 0 error(s), 3 left on base; Lévis 0 - Wichita 2
TOP OF THE 3RD
Lévis Rocks batting - Pitching for Wichita Outriders : RHP Jim Unknown
Batting: LHB Edward Carlson 0-0: Foul Ball, location: 2F
0-1: Bunted foul
0-2: Strikes out swinging, 2-3 out at first.
Batting: RHB Raúl Valadez 0-0: Foul Ball, location: 2F
0-1: Swinging Strike
0-2: Strikes out swinging
Batting: RHB Dan Holliday 0-0: Called Strike
0-1: Foul Ball, location: 2F
0-2: Ball
1-2: Ball
2-2: Reached on error, E5 (Groundball, 56)
Batting: RHB Pedro Mendoza 0-0: Swinging Strike
0-1: Ball
1-1: Called Strike
1-2: Foul Ball, location: 2F
1-2: Foul Ball, location: 2F
1-2: Foul Ball, location: 2F
1-2: Strikes out swinging
Top of the 3rd over - 0 run(s), 0 hit(s), 1 error(s), 1 left on base; Lévis 0 - Wichita 2
BOTTOM OF THE 3RD
Wichita Outriders batting - Pitching for Lévis Rocks : LHP Harvey Richards
Batting: LHB Jim Unknown 0-0: Ball
1-0: SINGLE (Line Drive, 4MD)
Batting: RHB Christian O'Neal 0-0: Grounds into double play, 5-4-3 (Groundball, 5)
Batting: RHB Jim Unknown 0-0: Ball
1-0: Called Strike
1-1: Foul Ball, location: 2F
1-2: Ball
2-2: Ball
3-2: Ground out 1-3 (Groundball, 13S)
Bottom of the 3rd over - 0 run(s), 1 hit(s), 0 error(s), 0 left on base; Lévis 0 - Wichita 2
TOP OF THE 4TH
Lévis Rocks batting - Pitching for Wichita Outriders : RHP Jim Unknown
Batting: RHB Ernie McPherson 0-0: DOUBLE (Line Drive, 9LD)
Batting: SHB Bartolo Fernández 0-0: Ball
1-0: SINGLE (Groundball, 34D)
Ernie McPherson to third
Batting: RHB Melvin Hunter 0-0: Grounds into double play, U6-3 (Groundball, 6)
Ernie McPherson scores
Batting: RHB Nectanebos Dolenian 0-0: Foul Ball, location: 2F
0-1: Ground out 1-3 (Groundball, 13S)
Top of the 4th over - 1 run(s), 2 hit(s), 0 error(s), 0 left on base; Lévis 1 - Wichita 2
BOTTOM OF THE 4TH
Wichita Outriders batting - Pitching for Lévis Rocks : LHP Harvey Richards
Batting: RHB Jorge Rocha 0-0: Ball
1-0: Ball
2-0: Ball
3-0: Called Strike
3-1: Base on Balls
Batting: LHB Jim Unknown 0-0: Called Strike
0-1: Swinging Strike
0-2: Strikes out swinging
Batting: RHB Jorge Vázquez 0-0: Ball
1-0: SINGLE (Line Drive, 56D)
Jorge Rocha to second
Batting: RHB Jim Unknown 0-0: Ball
1-0: Ball
2-0: Fielders Choice at 2nd, 5-4 (Groundball, 5)
Jorge Rocha to third
Batting: LHB Herman Gilliland 0-0: Ground out U3 (Groundball, 3S)
Bottom of the 4th over - 0 run(s), 1 hit(s), 0 error(s), 2 left on base; Lévis 1 - Wichita 2
TOP OF THE 5TH
Lévis Rocks batting - Pitching for Wichita Outriders : RHP Jim Unknown
Batting: RHB Jimmy Allen 0-0: Ball
1-0: Swinging Strike
1-1: Ball
2-1: Swinging Strike
2-2: SINGLE (Line Drive, 34D)
Batting: LHB Edward Carlson 0-0: Bunt missed!
0-1: Ball
1-1: Bunted foul
1-2: Ball
2-2: SINGLE (Flyball, 78S)
Jimmy Allen to second
Batting: RHB Raúl Valadez 0-0: Foul Ball, location: 2F
Reached via error on a dropped throw, E3
Jimmy Allen to third
Edward Carlson to second
Batting: RHB Dan Holliday 0-0: Foul Ball, location: 2F
0-1: Ball
1-1: Called Strike
1-2: SINGLE (Flyball, 8RS)
Jimmy Allen scores
Edward Carlson to third
Raúl Valadez to second
Batting: RHB Pedro Mendoza 0-0: Called Strike
0-1: Ball
1-1: Swinging Strike
1-2: Ball
2-2: Fly out, F7 (Flyball, 7M)
Runner from 3rd tags up, SCORES, no throw
Batting: RHB Ernie McPherson 0-0: Called Strike
0-1: Foul Ball, location: 2F
0-2: SINGLE (Groundball, 34D)
Raúl Valadez to third
Dan Holliday to second
Runner from 3rd tries for Home, SAFE, throw made home
Batting: SHB Bartolo Fernández 0-0: Called Strike
0-1: Ball
1-1: Ball
2-1: Grounds into double play, 4-6-3 (Groundball, 4)
Top of the 5th over - 3 run(s), 4 hit(s), 1 error(s), 1 left on base; Lévis 4 - Wichita 2
BOTTOM OF THE 5TH
Wichita Outriders batting - Pitching for Lévis Rocks : LHP Harvey Richards
Batting: RHB Jim Unknown 0-0: SINGLE (Line Drive, 56)
Batting: LHB Jim Unknown 0-0: Ball
1-0: DOUBLE (Line Drive, 9LM)
Jim Unknown to third
Batting: RHB Christian O'Neal 0-0: Called Strike
0-1: Called Strike
0-2: Strikes out swinging
Batting: RHB Jim Unknown 0-0: Swinging Strike
0-1: Ball
1-1: Called Strike
1-2: Ball
2-2: Strikes out looking
Batting: RHB Jorge Rocha 0-0: Ball
1-0: Foul Ball, location: 2F
1-1: SINGLE (Flyball, 8LS)
Jim Unknown scores
Jim Unknown to third
Runner from 3rd tries for Home, SAFE, no throw or cutoff
Batting: LHB Jim Unknown 0-0: Ball
1-0: Called Strike
1-1: Swinging Strike
1-2: Ball
2-2: Foul Ball, location: 2F
2-2: Ball
3-2: Foul Ball, location: 2F
3-2: Foul Ball, location: 2F
3-2: Fly out, F4 (Line Drive, 4)
Bottom of the 5th over - 2 run(s), 3 hit(s), 0 error(s), 1 left on base; Lévis 4 - Wichita 4
TOP OF THE 6TH
Lévis Rocks batting - Pitching for Wichita Outriders : RHP Jim Unknown
Batting: RHB Melvin Hunter 0-0: Ball
1-0: Ball
2-0: Ball
3-0: Base on Balls
Batting: RHB Nectanebos Dolenian 0-0: Bunted foul
0-1: Sac Bunt - play at first, batter OUT! 5-4
Melvin Hunter to second
Batting: RHB Jimmy Allen 0-0: Swinging Strike
0-1: Ball
1-1: Foul Ball, location: 2F
1-2: Strikes out swinging
Batting: LHB Edward Carlson 0-0: Foul Ball, location: 2F
0-1: Called Strike
0-2: Strikes out looking
Top of the 6th over - 0 run(s), 0 hit(s), 0 error(s), 1 left on base; Lévis 4 - Wichita 4
BOTTOM OF THE 6TH
Wichita Outriders batting - Pitching for Lévis Rocks : LHP Harvey Richards
Batting: RHB Jorge Vázquez 0-0: Ball
1-0: Fly out, F6 (Line Drive, 56)
Batting: RHB Jim Unknown 0-0: SINGLE (Groundball, 4MD)
Pitching: RHP Jim Unknown
Batting: LHB Herman Gilliland 0-0: Ball
1-0: Fly out, F7 (Flyball, 7LM)
Batting: RHB Jim Unknown 0-0: Ball
1-0: Called Strike
1-1: Ball
Jim Unknown steals 2nd base
2-1: SINGLE (Groundball, 23) (infield hit)
Jim Unknown to third
Batting: LHB Jim Unknown 0-0: Called Strike
0-1: SINGLE (Groundball, 6S)
Jim Unknown scores
Jim Unknown to second
Batting: RHB Christian O'Neal 0-0: Called Strike
0-1: Foul Ball, location: 2F
0-2: Ball
1-2: Ball
2-2: Fielders Choice at 2nd, U4 (Groundball, 4M)
Bottom of the 6th over - 1 run(s), 3 hit(s), 0 error(s), 2 left on base; Lévis 4 - Wichita 5
TOP OF THE 7TH
Lévis Rocks batting - Pitching for Wichita Outriders : RHP Jim Unknown
Batting: RHB Raúl Valadez 0-0: Ball
1-0: SINGLE (Groundball, 6MD)
Batting: RHB Dan Holliday 0-0: Ball
1-0: Ball
2-0: Called Strike
2-1: Foul Ball, location: 2F
2-2: Ground out 6-3 (Groundball, 6MS)
Raúl Valadez to second
Batting: RHB Pedro Mendoza 0-0: Called Strike
0-1: Swinging Strike
0-2: Strikes out looking
Batting: RHB Ernie McPherson 0-0: Called Strike
0-1: Foul Ball, location: 2F
0-2: Strikes out looking
Top of the 7th over - 0 run(s), 1 hit(s), 0 error(s), 1 left on base; Lévis 4 - Wichita 5
BOTTOM OF THE 7TH
Wichita Outriders batting - Pitching for Lévis Rocks : RHP Jim Unknown
Batting: RHB Jim Unknown 0-0: Ball
1-0: Ball
2-0: Called Strike
2-1: Ball
3-1: Foul Ball, location: 2F
3-2: Ground out 4-3 (Groundball, 6M)
Batting: RHB Jorge Rocha 0-0: Foul Ball, location: 2F
0-1: Foul Ball, location: 2F
0-2: Strikes out swinging
Batting: LHB Jim Unknown 0-0: Called Strike
0-1: Ball
1-1: Fly out, F9 (Flyball, 9M)
Bottom of the 7th over - 0 run(s), 0 hit(s), 0 error(s), 0 left on base; Lévis 4 - Wichita 5
TOP OF THE 8TH
Lévis Rocks batting - Pitching for Wichita Outriders : RHP Jim Unknown
Pitching: LHP Jim Unknown
Batting: SHB Bartolo Fernández 0-0: Ball
1-0: Called Strike
1-1: Ball
2-1: Called Strike
2-2: Foul Ball, location: 2F
2-2: Foul Ball, location: 2F
2-2: Strikes out swinging
Batting: RHB Melvin Hunter 0-0: SOLO HOME RUN (Flyball, 7LD), Distance : 353 ft
Batting: RHB Nectanebos Dolenian 0-0: Ball
1-0: Ball
2-0: Called Strike
2-1: Swinging Strike
2-2: Ball
3-2: Base on Balls
Pinch Hitting: RHB Jim Unknown 0-0: Ball
1-0: Called Strike
1-1: Foul Ball, location: 2F
1-2: Ball
2-2: Ball
3-2: Base on Balls
Nectanebos Dolenian to second
Pinch Hitting: RHB Jim Unknown 0-0: SINGLE (Flyball, 9LS)
Nectanebos Dolenian to third
Jim Unknown to second
Batting: RHB Raúl Valadez 0-0: Reached on error, E5 (Groundball, 6)
Nectanebos Dolenian scores
Jim Unknown scores
Jim Unknown to third
Pitching: RHP Jim Unknown
Batting: RHB Dan Holliday 0-0: Intentional Walk
Batting: RHB Pedro Mendoza 0-0: Called Strike
0-1: Swinging Strike
0-2: Ball
1-2: Strikes out swinging
Batting: RHB Ernie McPherson 0-0: Foul Ball, location: 2F
0-1: Foul Ball, location: 2F
0-2: Ball
1-2: Ball
2-2: Fielders Choice at 2nd, U6 (Groundball, 6M)
Top of the 8th over - 3 run(s), 2 hit(s), 1 error(s), 3 left on base; Lévis 7 - Wichita 5
BOTTOM OF THE 8TH
Wichita Outriders batting - Pitching for Lévis Rocks : RHP Jim Unknown
Now in LF: Jim Unknown
Now in CF: Jim Unknown
Batting: RHB Jorge Vázquez 0-0: Called Strike
0-1: Ball
1-1: Called Strike
1-2: Fly out, F8 (Flyball, 8LD)
Pitching: RHP Jim Unknown
Batting: RHB Jim Unknown 0-0: Ball
1-0: Swinging Strike
1-1: Ball
2-1: Swinging Strike
2-2: Foul Ball, location: 2F
2-2: Ground out 6-3 (Groundball, 6)
Batting: LHB Herman Gilliland 0-0: Called Strike
0-1: Ball
1-1: Reached on error, E2 (Groundball, 23)
Batting: RHB Jim Unknown 0-0: Ground out 4-3 (Groundball, 4)
Bottom of the 8th over - 0 run(s), 0 hit(s), 1 error(s), 1 left on base; Lévis 7 - Wichita 5
TOP OF THE 9TH
Lévis Rocks batting - Pitching for Wichita Outriders : RHP Jim Unknown
Batting: SHB Bartolo Fernández 0-0: Ball
1-0: Called Strike
1-1: SINGLE (Line Drive, 4MD)
Batting: RHB Melvin Hunter 0-0: Hit by Pitch
Bartolo Fernández to second
Batting: RHB Nectanebos Dolenian 0-0: Called Strike
0-1: Foul Ball, location: 2F
0-2: Ball
1-2: Foul Ball, location: 2F
1-2: Foul Ball, location: 2F
1-2: Strikes out looking
Batting: LHB Jim Unknown 0-0: Foul Ball, location: 2F
0-1: Swinging Strike
0-2: Ball
1-2: Ball
2-2: Strikes out swinging
Batting: RHB Jim Unknown 0-0: Ball
1-0: Called Strike
1-1: Foul Ball, location: 2F
1-2: Strikes out swinging
Top of the 9th over - 0 run(s), 1 hit(s), 0 error(s), 2 left on base; Lévis 7 - Wichita 5
BOTTOM OF THE 9TH
Wichita Outriders batting - Pitching for Lévis Rocks : RHP Jim Unknown
Batting: LHB Jim Unknown 0-0: Ball
1-0: Ground out 6-3 (Groundball, 6)
Batting: RHB Christian O'Neal 0-0: Ball
1-0: Ground out 6-3 (Groundball, 6M)
Batting: RHB Jim Unknown 0-0: Ground out 4-3 (Groundball, 4)
Bottom of the 9th over - 0 run(s), 0 hit(s), 0 error(s), 0 left on base; Lévis 7 - Wichita 5
This league is powered by Out of the Park Baseball, the baseball management simulation game for PC, Mac and Linux
Monday, May 4th, 2015 - OOTP Baseball 15.6 Build 34